 Dungeon Crawl Stone Soup version 0.20-a0-1033-g05abe66 (webtiles) character file.

37 M4edhros the Sneak (level 3, 0/23 HPs)
             Began as an Octopode Artificer on Apr 19, 2017.
             Slain by Edmund
             ... wielding a +0 flail of holy wrath
              (1 damage)
             ... on level 4 of the Dungeon on Apr 21, 2017.
             The game lasted 00:02:21 (396 turns).

M4edhros the Sneak (Octopode Artificer)              Turns: 396, Time: 00:02:22

Health: 0/23       AC:  1    Str:  8 (11) XL:     3   Next: 39%
Magic:  5/5        EV: 13    Int: 11 (14) God:
Gold:   68         SH:  0    Dex: 11 (12) Spells: 2/2 levels left

rFire    . . .     SeeInvis .   a - +0 short sword
rCold    . . .     Gourm    .   (no shield)
rNeg     . . .     Faith    .   (helmet restricted)
rPois    .         Spirit   .   (no amulet)
rElec    .         Reflect  .   (no ring)
rCorr    .         Harm     .   (no ring)
MR       .....                  (no ring)
Stlth    ++++......             (no ring)
Regen    0.1/turn               (no ring)
MPRegen  0.1/turn               (no ring)
                                (no ring)
                                (no ring)

@: no status effects
A: almost no armour, stealthy swim, amphibious, 8 rings, constrict 8, camouflage
1, gelatinous body 1
a: no special abilities


You were on level 4 of the Dungeon.
You were not hungry.

You visited 1 branch of the dungeon, and saw 4 of its levels.

You collected 68 gold pieces.

Inventory:

Hand Weapons
 a - a +0 short sword (weapon)
Wands
 b - a wand of flame (14/48)
 c - a wand of enslavement (14/24)
 d - a wand of random effects (12/48)
Scrolls
 e - a scroll of remove curse
 g - a scroll of identify {unknown}
 j - a scroll of random uselessness {unknown}
 k - a scroll of recharging {unknown}
Comestibles
 f - a bread ration
 h - 7 chunks of flesh
 l - a royal jelly


   Skills:
 - Level 1.0 Fighting
 - Level 1.0 Short Blades
 - Level 2.0 Dodging
 + Level 4.6 Stealth
 - Level 3.2 Evocations


You had 2 spell levels left.
You didn't know any spells.

Dungeon Overview and Level Annotations

Branches:
Dungeon (4/15)
 Temple: D:4-7

Altars:

Annotations:
D:2 1 exclusion
D:4 Edmund


Innate Abilities, Weirdness & Mutations

You cannot wear most types of armour.
You are very stealthy in the water. (Stealth+)
You are amphibious.
You can wear up to eight rings at the same time.
You can use your tentacles to constrict eight enemies at once.
Your skin changes colour to match your surroundings (Stealth+).
Your rubbery body absorbs attacks. (AC +1, EV +1)


Message History

Sorry, you're not good enough to have a special ability.
Unknown command.
It was a potion of degeneration.
There was something very wrong with that liquid.
You feel weakened.
You feel dopey.
You feel clumsy.
You barely miss Edmund. You grab Edmund. You squeeze Edmund, but do no damage.
Edmund is moderately wounded.
You constrict Edmund. Edmund closely misses you. The kobold skeleton hits you.
* * * LOW HITPOINT WARNING * * *
Unknown command.
You hit Edmund but do no damage.
Edmund is heavily wounded.
You constrict Edmund, but do no damage. Edmund barely misses you.
The goblin zombie moves out of view.
The kobold skeleton closely misses you.
Unknown command.
You hit Edmund but do no damage.
Edmund is heavily wounded.
You constrict Edmund, but do no damage.
Edmund hits you with a flail of holy wrath.
You die...

#..# #..# # #..# ..
..# #..# .. #.# #..
Z. #.## #.# .##..
#.##.###.######....Z.
#.##.......Z@@Z..#
#.#####.#######......
#.# #.# .##.. #.# #Z#
# #.# #.# #.# #.# #.#
#.# #.# #.#
####.#####.#


You could see Edmund, a kobold zombie, an adder skeleton, a kobold skeleton and
an orc skeleton (dormant).

Vanquished Creatures
  3 dart slugs
  A leopard gecko (D:1)
  3 orcs (D:3)
  4 bats
  3 hobgoblins (D:1)
  3 kobolds
  A quokka (D:2)
  2 frilled lizards
  2 rats
22 creatures vanquished.

Vanquished Creatures (collateral kills)
  A leopard gecko (D:3)
  2 orcs (D:3)
3 creatures vanquished.

Vanquished Creatures (others)
  An orc (D:3)
1 creature vanquished.

Grand Total: 26 creatures vanquished

Notes
Turn   | Place    | Note
-------+----------+-------------------------------------------
     0 | D:1      | M4edhros the Octopode Artificer began the quest for the Orb.
     0 | D:1      | Reached XP level 1. HP: 13/13 MP: 3/3
    62 | D:1      | Reached skill level 2 in Stealth
    82 | D:1      | Reached skill level 3 in Stealth
    82 | D:1      | Reached XP level 2. HP: 17/18 MP: 4/4
   190 | D:2      | Reached skill level 4 in Stealth
   198 | D:2      | Upgraded the game from 0.20-a0-1023-gc4d110f to 0.20-a0-1033-g05abe66
   198 | D:2      | Reached XP level 3. HP: 6/23 MP: 5/5
   368 | D:4      | Noticed Edmund
   385 | D:4      | HP: 1/23 [Edmund/flail of holy wrath (8)]
   394 | D:4      | HP: 1/23 [kobold skeleton (1)]
   396 | D:4      | Slain by Edmund

Vault maps used:
D:1:      dpeg_arrival_oval, serial_glass, glass_columns_a, glass_columns_a,
          st_stairs_8
D:2:      minmay_roachtagon, lemuel_doored_altar, minmay_split_cup_large,
          uniq_jessica
D:3:      nicolae_overflow_hidden_temple, first_bread, wad_rectangle_vault
D:4:      minmay_temple_entry_large_hall, gup_sewer_entry_bubbles,
          nicolae_tso_besieged_by_evil, uniq_duvessa, uniq_natasha, uniq_edmund

Skill      XL: |  1  2 |
---------------+-------+-----
Stealth        | 3 4 |  4.6
Fighting       | |  1.0
Short Blades   | |  1.0
Dodging        | |  2.0
Evocations     | |  3.2

Action                   || total
-------------------------++-------
Melee: Short sword       ||    40
       Constrict         ||    11
       Tentacles         ||    10
Evoke: Wand              ||     5
  Use: Scroll            ||     1
       Potion            ||     1
 Stab: Sleeping          ||     5
Armor: Skin              ||     5
Dodge: Dodged            ||    28
